 Dungeon Crawl Stone Soup version 0.30.0-5-g1a98f26d00 (webtiles) character file.

Game seed: 9425463498694311453

126 qeuew the Covered (level 4, -11/40 HPs)
             Began as a Minotaur Fighter on May 10, 2023.
             Killed by nerve-wracking pain
             ... invoked by Grinder
              (13 damage)
             ... on level 3 of the Dungeon.
             The game lasted 00:01:38 (1538 turns).

qeuew the Covered (Minotaur Fighter)                Turns: 1538, Time: 00:01:38

Health: -11/40     AC:  7    Str: 20    XL:     4   Next: 83%
Magic:  3/3        EV: 10    Int:  5    God:
Gold:   177        SH:  5    Dex: 12    Spells: 3/3 levels left

rFire   . . .        a - +0 war axe
rCold   . . .        c - +0 buckler
rNeg    . . .        b - +0 scale mail
rPois   .            (helmet restricted)
rElec   .            (no cloak)
rCorr   .            (no gloves)
SInv    .            (no boots)
Will    .....        (no amulet) Stlth
                     (no ring)
HPRegen 0.26/turn    (no ring)
MPRegen 0.08/turn

%: no passive effects
@: mighty, on berserk cooldown, slowed, very slow
A: horns 2, retaliatory headbutt
a: no special abilities


You were on level 3 of the Dungeon.
You visited 1 branch of the dungeon, and saw 3 of its levels.

You collected 177 gold pieces.

Inventory:

Hand Weapons
 a - a +0 war axe (weapon)
Armour
 b - a +0 scale mail (worn)
 c - a +0 buckler (worn)
Wands
 f - a wand of digging (5)


   Skills:
 + Level 4.2 Fighting
 + Level 3.3 Axes
 * Level 4.9 Armour
 + Level 1.7 Dodging
 + Level 4.2 Shields
 + Level 0.3 Evocations


You had 3 spell levels left.
You didn't know any spells.
Your spell library contained the following spells:

 Spells                   Type           Power      Damage    Failure   Level
 Kiss of Death            Conj/Necr      0%         2d5       87%         1
 Blink                    Tloc           0%         N/A       95%         2
 Confusing Touch          Hex            0%         N/A       99%         3
 Dispel Undead            Necr           0%         3d6       100%        4
 Manifold Assault         Tloc           0%         N/A       100%        4
 Storm Form               Tmut/Air       0%         N/A       100%        7


Dungeon Overview and Level Annotations

Branches:
Dungeon (3/15)

Altars:

Annotations:
D:3 Grinder


Innate Abilities, Weirdness & Mutations

You have a pair of horns on your head.
You reflexively headbutt those who attack you in melee.


Message History

Pain shoots through your body!
* * * LOW HITPOINT WARNING * * *
Unknown command.
You closely miss Grinder. Your headbutt misses Grinder.
Grinder is moderately wounded.
Grinder gestures at you. Pain shoots through your body!
* * * LOW HITPOINT WARNING * * *
Unknown command.
You slash Grinder! Your headbutt misses Grinder.
Grinder is heavily wounded.
You block Grinder's attack.
Unknown command.
You barely miss Grinder.
Grinder is heavily wounded.
Grinder barely misses you.
Unknown command.
You hit Grinder.
Grinder is severely wounded.
Grinder gestures at you.
You suddenly lose the ability to move!
Grinder gestures at you. You resist with significant effort.
Grinder barely misses you.
Grinder blinks!
Grinder gestures at you. Pain shoots through your body!
* * * LOW HITPOINT WARNING * * *
You can move again.
You feel a strong urge to attack something.
You are no longer berserk.
You are exhausted.
You feel yourself slow down. You block Grinder's attack.
You hit Grinder.
Grinder is severely wounded.
Grinder blinks! x2
You feel very mighty all of a sudden. Grinder gestures at you.
Pain shoots through your body!
You die...

#.######.#.#.......
#.# ####.#[#.# #.. #.#
#........# #.# # #.#
#.##.#.#.###.#.# #.#
#.##.#.#.....#.#
#.###.##.#.........#
#..).....#####...###
#####.#### ##.....##
##.## #...@...#
###...####..5......#
#........+...........#
#.#...####..........##
#....## ##.......#.#
###.## ##.....##.# #.#
##...## . #.# ##+##
#.# # #.###


You could see Grinder.

Vanquished Creatures
  Robin (D:2)
  5 adders
  A worm (D:2)
  8 bats
  8 endoplasms
  A giant cockroach (D:1)
  12 goblins
  7 hobgoblins
  4 jackals (D:2)
  3 quokkas
  3 frilled lizards
  4 kobolds
  5 rats
62 creatures vanquished.

Notes
Turn   | Place    | Note
-------+----------+-------------------------------------------
     0 | D:1      | qeuew the Minotaur Fighter began the quest for the Orb.
     0 | D:1      | Reached XP level 1. HP: 19/19 MP: 0/0
   184 | D:1      | Reached XP level 2. HP: 27/27 MP: 1/1
   288 | D:1      | Reached skill level 1 in Dodging
   441 | D:1      | Reached XP level 3. HP: 33/33 MP: 2/2
   466 | D:2      | Found a faded altar of an unknown god.
   683 | D:2      | Noticed Robin
   696 | D:2      | Killed Robin
   774 | D:2      | Reached XP level 4. HP: 40/40 MP: 3/3
  1514 | D:3      | Noticed Grinder
  1529 | D:3      | Paralysed by Grinder for 4 turns
  1533 | D:3      | HP: 1/60 [Grinder/nerve-wracking pain (8)]
  1538 | D:3      | Killed from afar by Grinder

Illustrated notes

Levels and vault maps discovered:
D:1:      minmay_arrival_diagonal_passages, layout_rooms
D:2:      layout_basic, nicolae_ecumenical_pavilion, uniq_robin
D:3:      layout_loops_corners, uniq_grinder

Skill      XL: |  1  2  3 |
---------------+----------+-----
Armour         | 4 |  4.9
Dodging        | 1 |  1.7
Shields        | 4 |  4.2
Fighting       | 4 |  4.2
Axes           | 3 |  3.3
Evocations     | |  0.3

Action                     |  1- 3 |  4- 6 || total
---------------------------+-------+-------++-------
  Melee: War axe           |    63 |    46 ||   109
         Headbutt          |     8 |     7 ||    15
    Use: Potion            |     1 |     5 ||     6
         Scroll            |       |     1 ||     1
 Armour: Scale mail        |    29 |    14 ||    43
  Dodge: Dodged            |    29 |    23 ||    52
  Block: Buckler           |    16 |    12 ||    28
